Map: Central Protocol

Players

Lisandro

  • Race: Protoss Protoss
  • League: Grandmaster

Miszu - Winner!

  • Race: Terran Terran
  • League: Master

VOD

Have the link to the VOD?

Description

Time

  • Played on: March 18, 2016, 4:38 p.m.
  • Length: 10:29
Show
View Real Time Build Order
Export as new Build Order

Lisandro Protoss 

Build Orders: 1 Gate Expand, Double Forge, Colossus Rush 

Get SALT Encoding   

  12  0:01  Probe (Chrono Boost)  
  13  0:11  Probe (Chrono Boost)  
  14  0:20  Pylon  
  14  0:22  Probe (Chrono Boost)  
  15  0:38  Probe (Chrono Boost)  
  15  0:39  Gateway  
  16  0:48  Probe (Chrono Boost)  
  17  0:50  Assimilator  
  17  0:59  Probe (Chrono Boost)  
  18  1:10  Probe (Chrono Boost)  
  19  1:22  Nexus  
  19  1:31  Cybernetics Core  
  19  1:34  Probe (Chrono Boost)  
  20  1:40  Assimilator  
  20  1:45  Probe (Chrono Boost)  
  21  1:53  Pylon  
  21  1:55  Probe (Chrono Boost)  
  22  2:06  Probe (Chrono Boost)  
  22  2:08  Warp Gate  
  23  2:11  Adept  
  25  2:19  Probe (Chrono Boost)  
  28  2:30  Mothership Core (Chrono Boost)  
  28  2:35  Probe (Chrono Boost)  
  29  2:41  Robotics Facility  
  29  2:45  Probe (Chrono Boost)  
  29  2:46  Adept  
  29  2:48  Probe (Chrono Boost)  
  33  2:56  Probe (Chrono Boost)  
  34  2:59  Probe (Chrono Boost)  
  35  3:06  Probe (Chrono Boost)  
  35  3:09  Probe (Chrono Boost)  
  37  3:15  Gateway  
  37  3:17  Probe (Chrono Boost)  
  37  3:18  Gateway  
  39  3:20  Probe (Chrono Boost)  
  39  3:26  Probe (Chrono Boost)  
  39  3:27  Pylon  
  39  3:29  Observer (Chrono Boost)  
  39  3:31  Probe  
  42  3:36  Probe  
  43  3:42  Pylon  
  43  3:43  Probe  
  43  3:45  Assimilator x2  
  43  3:47  Probe (Chrono Boost)  
  43  3:48  Observer (Chrono Boost)  
  45  3:55  Probe (Chrono Boost)  
  47  3:59  Probe (Chrono Boost)  
  48  4:04  Pylon  
  48  4:06  Probe (Chrono Boost)  
  48  4:08  Observer  
  48  4:09  Robotics Bay  
  50  4:11  Probe (Chrono Boost)  
  50  4:16  Probe (Chrono Boost)  
  52  4:18  Forge  
  52  4:21  Adept x2  
  56  4:26  Sentry  
  56  4:28  Probe x2 (Chrono Boost)  
  60  4:33  Pylon  
  60  4:38  Probe x2 (Chrono Boost)  
  62  4:42  Protoss Ground Weapons Level 1  
  62  4:48  Forge  
  62  4:49  Probe x2 (Chrono Boost)  
  64  4:58  Colossus (Chrono Boost)  
  64  4:59  Probe  
  71  5:03  Probe  
  72  5:07  Pylon  
  72  5:12  Pylon  
  72  5:13  Probe  
  73  5:15  Probe  
  73  5:16  Adept  
  76  5:25  Protoss Ground Armor Level 1, Probe  
  76  5:27  Extended Thermal Lance, Probe  
  78  5:46  Colossus (Chrono Boost)  
  78  5:47  Probe  
  78  5:48  Twilight Council, Probe  
  86  5:58  Stalker  
  86  5:59  Stalker  
  86  6:03  Adept  
  92  6:07  Pylon  
  91  6:31  Stalker  
  93  6:33  Blink  
  93  6:37  Colossus (Chrono Boost), Protoss Ground Weapons Level 2  
  99  6:46  Probe  
  100  6:49  Stalker  
  102  6:56  Pylon  
  102  6:58  Pylon  
  102  7:05  Gateway  
  102  7:07  Gateway  
  102  7:14  Probe  
  102  7:15  Gateway  
  103  7:16  Probe  
  103  7:17  Protoss Ground Armor Level 2  
  103  7:19  Nexus  
  103  7:21  Adept x3, Pylon  
  110  7:26  Probe  
  110  7:27  Gateway  
  110  7:29  Pylon  
  111  7:30  Stargate  
  112  7:37  Probe  
  112  7:39  Assimilator  
  112  7:42  Probe  
  113  7:44  Assimilator  
  113  7:48  Colossus (Chrono Boost), Pylon  
  119  7:52  Probe  
  119  7:56  Stalker x2  
  123  8:05  Stalker  
  125  8:06  Probe x2  
  127  8:14  Phoenix (Chrono Boost)  
  127  8:18  Probe  
  127  8:19  Stalker  
  132  8:20  Stalker, Pylon  
  132  8:24  Pylon  
  132  8:27  Pylon  
  134  8:36  Probe  
  134  8:37  Probe x2, Phoenix (Chrono Boost)  
  139  8:45  Stalker x2  
  143  8:49  Pylon  
  143  8:52  Stalker  
  132  9:17  Probe x2  
  132  9:19  Probe  
  132  9:24  Stalker x4  
  135  9:29  Probe  
  135  9:31  Stalker x2  
  144  9:34  Stalker  
  148  9:42  Colossus (Chrono Boost)  
  124  10:01  Stalker  
  124  10:02  Stalker x4  
Show
View Real Time Build Order
Export as new Build Order

Miszu Terran - Winner!

Build Orders: Command Center First (CC), MMM Bio 

Get SALT Encoding   

  12  0:00  SCV  
  13  0:12  SCV  
  14  0:20  Supply Depot  
  14  0:25  SCV  
  15  0:41  SCV  
  16  0:53  SCV  
  17  1:03  Command Center  
  17  1:06  SCV  
  18  1:18  SCV  
  19  1:19  Barracks  
  19  1:30  SCV  
  19  1:31  Barracks  
  20  1:42  SCV  
  20  1:44  Barracks  
  21  1:54  SCV  
  22  2:09  Marine, Orbital Command  
  23  2:24  Marine, Orbital Command  
  23  2:27  Marine  
  25  2:31  Marine  
  25  2:35  SCV  
  27  2:41  Refinery x2  
  27  2:42  Marine  
  28  2:45  Marine  
  28  2:46  Supply Depot  
  28  2:47  SCV  
  28  2:50  SCV  
  31  2:53  Marine  
  32  2:59  SCV  
  32  3:02  SCV  
  32  3:03  Marine  
  32  3:05  Marine  
  36  3:08  Supply Depot  
  36  3:11  Marine, SCV  
  38  3:14  SCV  
  39  3:21  Barracks Tech Lab  
  39  3:23  SCV  
  39  3:26  SCV  
  41  3:33  Supply Depot, Marine  
  41  3:34  Marine, Refinery  
  42  3:35  SCV  
  42  3:38  SCV  
  45  3:44  Marine  
  45  3:47  Supply Depot, SCV  
  47  3:50  SCV  
  47  3:51  Marine, Stimpack  
  49  3:59  Engineering Bay, SCV  
  51  4:02  SCV  
  51  4:03  Marine x2  
  51  4:08  Factory  
  53  4:11  SCV  
  53  4:14  Supply Depot, SCV  
  55  4:22  Marine  
  55  4:23  Barracks Reactor, SCV  
  58  4:24  Barracks Reactor  
  58  4:25  Barracks Tech Lab  
  58  4:27  Terran Infantry Weapons Level 1  
  58  4:28  SCV  
  58  4:37  SCV  
  59  4:42  Marauder  
  61  4:52  Command Center  
  61  4:53  SCV  
  61  4:54  Refinery  
  61  4:56  Starport, Factory Reactor  
  61  4:57  SCV  
  63  5:01  Marauder  
  63  5:02  Marine  
  63  5:03  Marine  
  67  5:08  Marauder  
  67  5:10  Combat Shields  
  67  5:11  SCV  
  67  5:13  SCV  
  71  5:22  Supply Depot  
  71  5:23  SCV  
  71  5:25  SCV  
  71  5:26  Marauder  
  75  5:32  Marauder, Liberator  
  77  5:35  SCV  
  78  5:44  SCV  
  78  5:46  Liberator  
  78  5:47  SCV  
  78  5:48  Marauder  
  85  5:52  Supply Depot  
  85  5:56  SCV  
  86  6:03  Marine x2, Marauder, SCV, Orbital Command  
  94  6:08  SCV  
  94  6:11  Starport  
  95  6:13  Fusion Core  
  95  6:15  SCV  
  96  6:19  Supply Depot  
  96  6:20  SCV  
  97  6:26  Marine x2, Marauder x2  
  97  6:27  Liberator, SCV  
  97  6:32  SCV  
  105  6:39  Liberator, SCV  
  106  6:40  Barracks  
  106  6:42  Barracks  
  106  6:45  Orbital Command  
  109  6:47  Marauder x2  
  109  6:49  Supply Depot  
  109  6:50  Supply Depot  
  109  6:52  Supply Depot, Starport Tech Lab  
  113  7:01  Marine  
  117  7:10  Marine  
  117  7:11  Marauder  
  117  7:12  Supply Depot  
  117  7:14  Supply Depot  
  119  7:17  SCV x2  
  119  7:19  Advanced Ballistics  
  119  7:20  Medivac  
  123  7:23  SCV  
  123  7:27  Medivac  
  126  7:37  Marine x3, Marauder  
  126  7:38  Marine  
  126  7:39  Medivac  
  126  7:40  Marauder  
  126  7:42  Liberator  
  136  7:44  Refinery  
  136  7:45  Refinery  
  136  7:49  Supply Depot  
  136  7:54  SCV x3  
  136  7:55  Bunker, Marine x2  
  141  7:59  Medivac  
  141  8:03  Marine  
  141  8:04  Marine, Marauder x2  
  152  8:06  SCV  
  152  8:09  Liberator  
  152  8:11  Terran Infantry Armor Level 1  
  153  8:13  Marine x2  
  155  8:20  Supply Depot  
  155  8:21  Supply Depot  
  155  8:22  Supply Depot  
  155  8:24  Marine  
  155  8:25  Marauder  
  163  8:31  Marine x2  
  163  8:33  Liberator  
  164  8:34  Barracks Reactor, Barracks Tech Lab, Liberator  
  164  8:35  SCV  
  164  8:41  Barracks x2  
  164  8:42  Barracks  
  164  8:43  Marauder  
  164  8:45  Supply Depot  
  164  8:46  Supply Depot  
  164  8:47  Supply Depot  
  166  8:51  Marauder  
  166  8:52  Liberator  
  166  8:55  Marine x2, Marauder  
  178  9:04  Marauder  
  183  9:12  Marauder  
  183  9:13  Marine x2  
  183  9:16  Marine  
  185  9:26  Marine, Marauder  
  185  9:27  Marine  
  185  9:31  Marine x2  
  189  9:34  Marine, Barracks Tech Lab, Marauder  
  189  9:35  Barracks Tech Lab  
  189  9:36  Barracks Reactor  
  189  9:38  Armory  
  191  9:44  Engineering Bay, Marine x2  
  189  9:46  Marine  
  189  9:52  Marauder  
  172  9:56  Marine  
  172  9:57  Marine x3, Marauder  
  165  10:02  Marine x2  
  165  10:04  Marine  
Tags
 
Add a new tag
Caveats
  • Supply blocks, unpowered buildings, or Contaminate may cause inaccurate times.
  • Supply counts are checked every 10 seconds.